 Dungeon Crawl Stone Soup version 0.29.1-15-g9cfb28693d (webtiles) character file.

Game seed: 10474986316439914098

78 MisterFreud the Twirler (level 4, -2/33 HPs)
             Began as a Formicid Gladiator on Apr 11, 2023.
             Killed by divine providence
             ... invoked by an orc priest
              (10 damage)
             ... on level 3 of the Dungeon.
             The game lasted 00:01:56 (2019 turns).

MisterFreud the Twirler (Formicid Gladiator)        Turns: 2019, Time: 00:01:57

Health: -2/33      AC:  7    Str: 20    XL:     4   Next: 61%
Magic:  4/4        EV: 12    Int:  8    God:
Gold:   123        SH:  0    Dex: 15    Spells: 3/3 levels left

rFire   . . .      SeeInvis +   a - +0 quarterstaff
rCold   . . .      Faith    .   (no shield)
rNeg    . . .      Spirit   .   b - +0 leather armour
rPois   .          Reflect  .   (helmet unavailable)
rElec   .          Harm     .   (no cloak)
rCorr   .          Rampage  .   (no gloves)
Will    .....                   (no boots)
Stlth   +.........              (no amulet)
HPRegen 0.11/turn               f - +4 ring of protection
MPRegen 0.09/turn               (no ring)

@: no status effects
A: permanent stasis, dig shafts and tunnels, antennae 3, four strong arms
a: Dig, Shaft Self


You were on level 3 of the Dungeon.
You visited 1 branch of the dungeon, and saw 3 of its levels.

You collected 123 gold pieces.

Inventory:

Hand Weapons
 a - a +0 quarterstaff (weapon)
Missiles
 c - 3 throwing nets (quivered)
 d - 5 javelins
 i - 6 boomerangs
 j - 6 poisoned darts
Armour
 b - a +0 leather armour (worn)
Jewellery
 e - a ring of wizardry
 f - a +4 ring of protection (left hand)
Potions
 g - a potion of curing


   Skills:
 - Level 2.1 Fighting
 + Level 5.0 Staves
 - Level 2.0 Throwing
 - Level 2.6 Dodging


You had 3 spell levels left.
You didn't know any spells.
Your spell library was empty.

Dungeon Overview and Level Annotations

Branches:
Dungeon (3/15)

Altars:

Shops:
D:2 =

Annotations:
D:1 1 runed translucent door


Innate Abilities, Weirdness & Mutations

You cannot be hasted, slowed, berserked, paralysed or teleported.
You can dig through walls and to a lower floor.
You have a pair of large antennae on your head. (SInv)
Your four strong arms can wield two-handed weapons with a shield.


Message History

The goblin hits you but does no damage.
A goblin is nearby!
You sock the goblin!
You kill the goblin!
You sense a monster nearby.
No target in view!
An orc comes into view. It is wielding a +0 flail.
The orc shouts!
You hear a shout! x2
You see here a +0 club.
An orc is nearby!
You sock the orc!
You kill the orc!
An orc comes into view. It is wielding a +0 club.
The orc hits you but does no damage.
Things that are here:
a +0 flail; 2 boomerangs; an orc corpse An orc is nearby!
You barely miss the orc. The orc barely misses you.
An orc is nearby!
You closely miss the orc. The orc hits you with a +0 club.
An orc priest comes into view. It is wielding a +0 dagger.
There are monsters nearby!
The orc priest shouts!
You hit the orc but do no damage.
You hear a shout!
The orc misses you.
There are monsters nearby!
You hit the orc.
The orc is heavily wounded.
The orc hits you but does no damage.
The orc priest mumbles some strange prayers to Beogh against you.
Beogh smites you!
* * * LOW HITPOINT WARNING * * *
There are monsters nearby!
You are too injured to fight recklessly!
An orc priest comes into view. It is wielding a +0 flail.
You see here a +0 club.
The orc priest mumbles some strange prayers to Beogh against you.
Beogh smites you!
You die...

##. #o
##...#.#####.#
...........o.#
#o# #)# #.# # #.#
$# ########o##.#
.......@....####.
######..)$†......
#<..........
#......####.
#......# #.###(.#
#.# .## #.# .#
### ##


You could see an orc priest and an orc.

Vanquished Creatures
  2 adders (D:2)
  2 worms (D:2)
  2 dart slugs
  An orc (D:3)
  5 bats
  5 endoplasms
  A giant cockroach (D:1)
  4 hobgoblins
  6 jackals (D:1)
  4 kobolds
  A quokka (D:2)
  3 ball pythons
  2 frilled lizards
  5 goblins
  4 rats
47 creatures vanquished.

Notes
Turn   | Place    | Note
-------+----------+-------------------------------------------
     0 | D:1      | MisterFreud the Formicid Gladiator began the quest for the
                  | Orb.
     0 | D:1      | Reached XP level 1. HP: 16/16 MP: 1/1
     1 | D:1      | Found a runed translucent door.
   210 | D:1      | Reached XP level 2. HP: 22/22 MP: 2/2
   556 | D:1      | Reached skill level 4 in Staves
   556 | D:1      | Reached XP level 3. HP: 27/27 MP: 3/3
   933 | D:1      | Found a faded altar of an unknown god.
  1243 | D:2      | Reached XP level 4. HP: 33/33 MP: 4/4
  1805 | D:2      | Found Ununauto's Jewellery Boutique.
  1974 | D:3      | Reached skill level 5 in Staves
  2019 | D:3      | Killed from afar by an orc priest

Illustrated notes

Levels and vault maps discovered:
D:1:      dpeg_arrival_caged_fury, layout_basic,
          hellmonk_ecumenical_altar_leap_of_faith
D:2:      layout_basic, serial_shops, shop_statue,
          minmay_misc_feat_secret_circle
D:3:      layout_loops_ring, nicolae_dithmenos_shadow_blocks, serial_shops,
          nicolae_shop_hallway_plus, serial_rivers,
          chequers_serial_rivers_room_a, chequers_serial_rivers_micro_c,
          chequers_serial_rivers_micro_b, chequers_serial_rivers_large_b

Skill      XL: |  1  2  3  4 |
---------------+-------------+-----
Staves         | 4 5 |  5.0
Fighting       | |  2.1
Throwing       | |  2.0
Dodging        | |  2.6

Action                   |  1- 3 |  4- 6 || total
-------------------------+-------+-------++-------
Melee: Quarterstaff      |    71 |    56 ||   127
       Punch             |       |     1 ||     1
  Use: Scroll            |     2 |     3 ||     5
 Stab: Sleeping          |     1 |       ||     1
Armor: Leather armour    |    29 |    23 ||    52
Dodge: Dodged            |    42 |    45 ||    87
